 Dungeon Crawl Stone Soup version 0.24.1-14-gf8d2b509d9 (webtiles) character file.

Game seed: 10882192900770286745, levelgen mode: deterministic

32 sahdkjhfkaj the Sneak (level 3, 0/16 HPs)
             Began as a Felid Conjurer on Oct 15, 2020.
             Slain by an ogre
             ... wielding a +0 giant spiked club
              (16 damage)
             ... on level 2 of the Dungeon.
             The game lasted 00:03:34 (1308 turns).

sahdkjhfkaj the Sneak (Felid Conjurer)              Turns: 1308, Time: 00:03:35

Health: 0/16       AC:  1    Str:  4    XL:     3   Next: 8%
Magic:  2/7        EV: 18    Int: 17    God:
Gold:   31         SH:  0    Dex: 16    Spells: 0/6 levels left
                                        Lives:  0   Deaths: 0

rFire    . . .     SeeInvis +   (weapon unavailable)
rCold    . . .     Gourm    .   (shield unavailable)
rNeg     . . .     Faith    .   (armour unavailable)
rPois    .         Spirit   .   (helmet unavailable)
rElec    .         Reflect  .   (cloak unavailable)
rCorr    .         Harm     .   (gloves unavailable)
MR       .....                  (boots unavailable)
Stlth    +++.......             (no amulet)
HPRegen  0.05/turn              (no ring)
MPRegen  0.10/turn              (no ring)

@: quick
A: very small, no armour, no weapons or thrown items, stealth, claws 1, fangs 3,
see invisible, carnivore, speed 1, shaggy fur 1, slow metabolism 1, sharp paws
a: no special abilities


You were on level 2 of the Dungeon.
You were full.

You visited 1 branch of the dungeon, and saw 2 of its levels.

You collected 31 gold pieces.

Inventory:

Missiles
 e - 16 arrows
Scrolls
 c - a scroll of identify {unknown}
 d - 2 scrolls of enchant weapon {unknown}
 f - a scroll of teleportation {unknown}
 g - a scroll of amnesia {unknown}
 h - a scroll of random uselessness {unknown}
Potions
 a - 4 potions of curing {unknown}
Comestibles
 b - a ration


   Skills:
 - Level 1.7 Fighting
 - Level 2.6 Dodging
 - Level 4.2 Stealth
 - Level 2.0 Spellcasting
 - Level 3.6 Conjurations
 + Level 0.1 Hexes


You couldn't memorise any spells.
You knew the following spells:

 Your Spells              Type           Power        Failure   Level  Hunger
a - Magic Dart            Conj           ##..         4%          1    #......
b - Searing Ray           Conj           ##....       7%          2    ###....
e - Dazzling Spray        Conj/Hex       #.....       26%         3    ###....

Your spell library contained the following spells:

 Spells                   Type           Power        Failure   Level  Hunger
 Iskenderun's Mystic Bla  Conj           ##......     41%         4    #####..
 Fulminant Prism          Conj/Hex       #.........   65%         4    #####..
 Force Lance              Conj/Tloc      #.......     67%         4    #####..


Dungeon Overview and Level Annotations

Branches:
Dungeon (2/15)

Altars:

Annotations:
D:1 1 runed translucent door


Innate Abilities, Weirdness & Mutations

You cannot wear armour.
You are incapable of wielding weapons or throwing items.
Your paws allow you to move quietly. (Stealth)
You have sharp claws.
You have razor-sharp teeth.
You have supernaturally acute eyesight. (SInv)
You are carnivorous and can eat meat at any time.
You cover ground quickly.
You are covered in fur. (AC +1)
You have a slow metabolism.
Your sharp claws are effective at attacking unaware monsters.


Message History

Press: ? - help, v - describe, . - travel The floor.
Found 13 sling bullets.
Casting: Magic Dart (safe; 4% risk of failure)
Confirm with . or Enter, or press ? or * to list all spells.
Aiming: Searing Ray (safe; 7% risk of failure)
Press: ? - help, Shift-Dir - straight line, f - ogre
Aim: an ogre, wielding a +0 giant spiked club (resting)
The searing ray hits the ogre.
The ogre is lightly wounded.
The ogre shouts! (Press . to maintain the ray.)
The searing ray hits the ogre.
The ogre is moderately wounded.
The searing ray hits the ogre.
The ogre is heavily wounded.
You finish channeling your searing ray.
The ogre hits you with a +0 giant spiked club!
Ouch! That really hurt!
You die...

#..###############
#..).............###.
#..##[(..............
'.###.####.#...#...
.....<...#.#.#.###
#.###.####.#.#...#
#.###(# #.#.##..# #
..#...####.......#.#
#†#..........##.@..#
.....>..........O.......
#......†.......#...#.(..
.#..#####...##.###.# ...
....# #.. #. .# ..
....## # ## ## .#...##
......# ......#


You could see an ogre.

Vanquished Creatures
  An adder (D:2)
  A leopard gecko (D:1)
  A giant cockroach (D:1)
  2 goblins (D:1)
  5 hobgoblins
  4 bats
  A frilled lizard (D:1)
  3 kobolds
  3 rats (D:2)
21 creatures vanquished.

Notes
Turn   | Place    | Note
-------+----------+-------------------------------------------
     0 | D:1      | sahdkjhfkaj the Felid Conjurer began the quest for the Orb.
     0 | D:1      | Reached XP level 1. HP: 7/7 MP: 4/4
     1 | D:1      | Found a runed translucent door.
    97 | D:1      | Reached skill level 1 in Fighting
   209 | D:1      | Reached skill level 3 in Stealth
   341 | D:1      | Reached XP level 2. HP: 12/12 MP: 1/6
   352 | D:1      | Learned a level 2 spell: Searing Ray
  1140 | D:2      | Reached skill level 4 in Stealth
  1140 | D:2      | Reached XP level 3. HP: 16/16 MP: 0/7
  1209 | D:2      | Learned a level 3 spell: Dazzling Spray
  1301 | D:2      | Noticed an ogre
  1308 | D:2      | Slain by an ogre

Levels and vault maps discovered:
D:1:      dpeg_arrival_caged_fury, layout_loops_ring
D:2:      minmay_wonky_spiral, layout_basic, minmay_misc_feat_columns,
          minivault_11, grunt_ministairs_12

Skill      XL: |  1  2 |
---------------+-------+-----
Fighting       | 1 |  1.7
Stealth        | 3 4 |  4.2
Dodging        | |  2.6
Spellcasting   | |  2.0
Conjurations   | |  3.6
Hexes          | |  0.1

Action                   || total
-------------------------++-------
 Cast: Magic Dart        ||    39
       Searing Ray       ||     2
  Eat: Chunk             ||     5
Dodge: Dodged            ||     6
